 Dungeon Crawl Stone Soup version 0.30.1-4-g462c640d31 (webtiles) character file.

Game seed: 18412413040399541363

4034 lonewolfV2 the Cleaver (level 10, -5/86 HPs)
             Began as a Hill Orc Fighter on Aug 24, 2023.
             Was a Believer of Beogh.
             Slain by an iguana (8 damage)
             ... on level 6 of the Dungeon.
             The game lasted 00:12:47 (8224 turns).

lonewolfV2 the Cleaver (Hill Orc Fighter)           Turns: 8224, Time: 00:12:48

Health: -5/86      AC:  6    Str: 29    XL:     10   Next: 24%
Magic:  10/10      EV: 12    Int:  8    God:    Beogh [**....]
Gold:   387        SH:  6    Dex: 14    Spells: 9/9 levels left

rFire   + . .        r - +5 trident of the Ubiquitous God {protect, rN+ Dex+4}
rCold   + . .        c - +0 buckler
rNeg    + . .        u - +2 leather armour "Zifuobaq" {Str+5}
rPois   +            (no helmet)
rElec   +            (no cloak)
rCorr   +            (no gloves)
SInv    .            (no boots)
Will    .....        (no amulet)
Stlth   +            (no ring)
HPRegen 0.34/turn    (no ring)
MPRegen 0.12/turn

%: no passive effects
@: resistant
A: no striking features
a: Renounce Religion, Smiting


You were on level 6 of the Dungeon.
You worshipped Beogh.
Beogh was pleased with you.
You visited 1 branch of the dungeon, and saw 7 of its levels.

You collected 387 gold pieces.

Inventory:

Hand Weapons
 a - a +0 war axe
 p - a +2 hand axe of freezing
 r - the +5 trident of the Ubiquitous God (weapon) {protect, rN+ Dex+4}
   (You found it on level 4 of the Dungeon)

   Dex:       It affects your dexterity (+4).
   rN:        It protects you from negative energy.
Missiles
 q - 2 throwing nets (quivered)
Armour
 b - a +0 scale mail
 c - a +0 buckler (worn)
 u - the +2 leather armour "Zifuobaq" (worn) {Str+5}
   (You found it on level 6 of the Dungeon)

   Str:       It affects your strength (+5).
Jewellery
 l - a ring of flight
Wands
 k - a wand of polymorph (9)
 n - a wand of iceblast (8)
 s - a wand of paralysis (9)
Scrolls
 d - a scroll of magic mapping
 m - a scroll of amnesia
 t - 3 scrolls of enchant armour
Potions
 f - 4 potions of mutation
 h - 2 potions of degeneration
 i - 2 potions of flight
 j - 2 potions of brilliance
 o - a potion of cancellation
 v - a potion of might


   Skills:
 + Level 7.3 Fighting
 + Level 8.2(10.1) Axes
 + Level 7.7(8.9) Polearms
 + Level 8.1 Armour
 + Level 3.6 Dodging
 + Level 1.1 Stealth
 + Level 6.6 Shields


You had 9 spell levels left.
You didn't know any spells.
Your spell library contained the following spells:

 Spells                   Type           Power      Damage    Failure   Level
 Freeze                   Ice            0%         1d3       50%         1
 Slow                     Hex            0%         N/A       50%         1
 Sublimation of Blood     Necr           0%         N/A       63%         2
 Confusing Touch          Hex            0%         N/A       86%         3
 Vampiric Draining        Necr           0%         2d6       86%         3
 Anguish                  Hex/Necr       0%         N/A       99%         4
 Cause Fear               Hex            0%         N/A       99%         4
 Petrify                  Tmut/Erth      0%         N/A       99%         4
 Irradiate                Conj/Tmut      0%         3d11      100%        5
 Enfeeble                 Hex            0%         N/A       100%        7


Dungeon Overview and Level Annotations

Branches:
Dungeon (7/15)             Temple (0/1) D:6

Altars:
Hepliaklqana
Makhleb
Nemelex Xobeh
Okawaru
Sif Muna
Wu Jian
Yredelemnul

Annotations:
D:7 Joseph


Message History

The orc shouts!
You puncture the water moccasin!
You kill the water moccasin!
Beogh accepts your kill.
You feel sick.
You hear a shout!
The hound barely misses you. The scorpion closely misses you.
An orc priest comes into view. It is wielding a +0 club.
The iguana barely misses you. You block the iguana's attack.
Joseph unwields a +0 sling of draining.
Joseph wields a +0 quarterstaff.
Joseph barely misses you. The hound barely misses you.
Your life force feels restored.
The iguana attacks as you move away! You block the iguana's attack.
You feel sick. The hound bites you but does no damage.
The orc priest invokes the aid of Beogh against you.
Beogh smites you! The iguana bites you.
* * * LOW HITPOINT WARNING * * *
The scorpion attacks as you move away!
The scorpion stings you but does no damage.
The hound attacks as you move away! The hound completely misses you.
You feel sick.
You are no longer poisoned.
The iguana bites you but does no damage.
The iguana closely misses you.
The hound stops to sniff the ground.
The hound bites you but does no damage.
There is a stone staircase leading up here.
You block the hound's attack. The iguana bites you!
* * * LOW HITPOINT WARNING * * *
You block the iguana's attack.
You climb upwards.
There is a stone staircase leading down here.
You closely miss the iguana. You block the hound's attack.
The iguana bites you!
* * * LOW HITPOINT WARNING * * *
The iguana barely misses you. The hound closely misses you.
It was a potion of resistance.
You feel protected. The hound bites you but does no damage.
The iguana bites you!
You die...

##♣♣~~~~~~~~≈≈≈~~~P~~~~♣~...#####
#♣~~P~~~~~~~~~P~P~~~~~....#.###
#..♣♣♣P~♣P~~♣~♣♣♣♣~~........#..
##..##.♣♣♣~♣P~♣♣...............
##.##......†..##..............
####.#........###...........#..
#.............#####..........#.
#.............l.##..†....###...
##.#.#......##@l#.......##.##..
######......##h........#._.#..
#........##..#...####.####
#.........#.##..##..#'#..#
####........###.#...'.)...
##....#..###.##.##.##.#
#....#####...###.#.### ##..##
#.......#.... #### #..)#..###..#


You could see 2 iguanas and a hound.

Vanquished Creatures
  Pikel (D:6)
  Grinder (D:5)
  8 yaks (D:5)
  The ghost of turdburglar the Insei, an amateur DsTm (D:5)
  Menkaure (D:6)
  A water moccasin (D:7)
  An orc warrior (D:4)
  An ice beast (D:5)
  A black bear (D:6)
  2 ogres
  A lemure (D:6)
  A phantom (D:4)
  A bullfrog (D:7)
  2 scorpions
  3 electric eels (D:6)
  A howler monkey (D:7)
  3 orc priests
  Crazy Yiuf (D:6)
  6 hounds
  2 jellies
  3 iron imps (D:4)
  A gnoll bouda (D:4)
  Terence (D:2)
  4 iguanas
  A sleepcap (D:5)
  An orc wizard (D:6)
  13 gnolls
  19 adders
  A shadow imp (D:6)
  A white imp (D:5)
  3 worms
  13 orcs
  5 ball pythons
  9 endoplasms
  5 giant cockroaches
  7 goblins
  8 hobgoblins
  6 jackals (D:1)
  2 quokkas
  7 bats
  16 frilled lizards
  2 kobolds (D:4)
  6 rats
173 creatures vanquished.

Vanquished Creatures (others)
  An orc (D:3)
  A goblin (D:3)
  A ball python (D:3)
3 creatures vanquished.

Grand Total: 176 creatures vanquished

Notes
Turn   | Place    | Note
-------+----------+-------------------------------------------
     0 | D:1      | lonewolfV2 the Hill Orc Fighter began the quest for the
                  | Orb.
     0 | D:1      | Reached XP level 1. HP: 19/19 MP: 1/1
   102 | D:1      | Reached XP level 2. HP: 27/27 MP: 2/2
   359 | D:1      | Reached XP level 3. HP: 33/33 MP: 3/3
  1234 | D:2      | Reached XP level 4. HP: 24/40 MP: 4/4
  1447 | D:2      | Found a faded altar of an unknown god.
  1506 | D:2      | Got Plato's Codex of the Tundra
  1696 | D:2      | Noticed Terence
  1706 | D:2      | Killed Terence
  1707 | D:2      | Reached XP level 5. HP: 43/47 MP: 5/5
  2151 | D:3      | Found a hazy altar of Hepliaklqana.
  2234 | D:3      | Became a worshipper of Beogh the Brigand
  2291 | D:3      | Reached skill level 5 in Axes
  2413 | D:3      | Reached XP level 6. HP: 38/53 MP: 6/6
  2961 | D:4      | Reached skill level 5 in Armour
  3201 | D:4      | Reached * piety under Beogh
  3210 | D:4      | Reached skill level 1 in Dodging
  3285 | D:4      | Found an iron altar of Okawaru.
  3317 | D:4      | Reached XP level 7. HP: 40/60 MP: 7/7
  3406 | D:4      | Found an ornate altar of the Wu Jian Council.
  3737 | D:4      | Reached skill level 5 in Fighting
  3929 | D:4      | Found a burning altar of Makhleb.
  4429 | D:4      | Identified the +5 trident of the Ubiquitous God {protect,
                  | rN+ Dex+4}
  4435 | D:4      | Found a basalt altar of Yredelemnul.
  4723 | D:5      | Entered Level 5 of the Dungeon
  4816 | D:5      | Reached XP level 8. HP: 69/69 MP: 8/8
  4884 | D:5      | Reached skill level 1 in Polearms
  4919 | D:5      | Noticed a yak
  4923 | D:5      | Noticed Grinder
  4926 | D:5      | Paralysed by Grinder for 3 turns
  4934 | D:5      | Killed Grinder
  4942 | D:5      | Noticed a yak
  4942 | D:5      | Noticed a yak
  4943 | D:5      | Noticed a yak
  4955 | D:5      | Killed a yak
  4968 | D:5      | Killed a yak
  4970 | D:5      | Reached ** piety under Beogh
  4973 | D:5      | Killed a yak
  4974 | D:5      | Reached XP level 9. HP: 16/75 MP: 9/9
  5438 | D:5      | Reached skill level 5 in Polearms
  5450 | D:5      | Noticed turdburglar's ghost (amateur DsTm)
  5491 | D:5      | Reached skill level 5 in Shields
  5863 | D:5      | Found a runed translucent door.
  5915 | D:5      | Killed turdburglar's ghost
  6370 | D:6      | Found a shimmering blue altar of Sif Muna.
  6629 | D:6      | Reached skill level 1 in Stealth
  6766 | D:6      | Found a staircase to the Ecumenical Temple.
  6767 | D:6      | Identified the +2 leather armour "Zifuobaq" {Str+5}
  6819 | D:6      | Noticed Pikel
  6843 | D:6      | Killed Pikel
  6844 | D:6      | Reached XP level 10. HP: 75/86 MP: 10/10
  6918 | D:6      | Found a sparkling altar of Nemelex Xobeh.
  6925 | D:6      | Noticed Menkaure
  6930 | D:6      | Killed Menkaure
  7638 | D:6      | Found a runed translucent door.
  7639 | D:6      | Noticed Crazy Yiuf
  7645 | D:6      | Killed Crazy Yiuf
  8208 | D:7      | Noticed Joseph
  8223 | D:6      | HP: 3/86 [iguana (10)]
  8224 | D:6      | Slain by an iguana

Illustrated notes

Levels and vault maps discovered:
D:1:      minmay_arrival_floating_metal, layout_basic, minmay_lizard_king
D:2:      layout_loops_cross, shapermc_ecumenical_altar_rom_forum, uniq_terence
D:3:      layout_rooms, nicolae_overflow_hidden_temple
D:4:      layout_basic, lemuel_crystal_altar, demons_altar,
          mainiacjoe_overflow_alcove_2, okawaru_ov_weapons_minmay
D:5:      layout_basic, hellmonk_ghost_happy_afterlife, nicolae_half_adder,
          uniq_grinder
D:6:      layout_cave_pools, nemelex_dance_club_becter, lemuel_crystal_altar,
          minmay_temple_entry_arrows, serial_bayou, serial_bayou_lake_a,
          serial_bayou_lagoon_a, serial_bayou_crossing, serial_bayou_pond_e,
          uniq_crazy_yiuf_cottage, uniq_pikel, uniq_menkaure
D:7:      layout_basic, uniq_joseph

Skill      XL: |  1  2  3  4  5  6  7  8  9 10 |
---------------+-------------------------------+-----
Axes           | 3 4 5 6 8 |  8.2
Fighting       | 4 5 6 7 |  7.3
Armour         | 4 5 6 7 8 |  8.1
Dodging        | 1 2 3 |  3.6
Shields        | 4 5 6 |  6.6
Polearms       | 4 7 |  7.7
Stealth        | 1 |  1.1

Action                     |  1- 3 |  4- 6 |  7- 9 | 10-12 || total
---------------------------+-------+-------+-------+-------++-------
  Melee: War axe           |   104 |   185 |       |       ||   289
         Hand axe          |       |       |   103 |       ||   103
         Trident           |       |       |   216 |    64 ||   280
 Invoke: Convert to Beogh  |       |     1 |       |       ||     1
    Use: Scroll            |     2 |     9 |     5 |     1 ||    17
         Potion            |       |       |     6 |     2 ||     8
 Armour: Scale mail        |    62 |    80 |   112 |       ||   254
         Skin              |       |       |     7 |       ||     7
         Leather armour    |       |       |     3 |    20 ||    23
  Dodge: Dodged            |    50 |    82 |   128 |    46 ||   306
  Block: Buckler           |    38 |    29 |    78 |    14 ||   159
